 Dungeon Crawl Stone Soup version 0.30.1-9-gdf580d7c3d (webtiles) character file.

Game seed: 9181635069145353807

90397 monsoonserge the Marksspriggan (level 15, -11/86 HPs)
             Began as a Spriggan Hunter on Oct 24, 2023.
             Was a High Priest of Okawaru.
             Killed from afar by Roxanne (31 damage)
             ... with an iron shot
             ... on level 2 of the Swamp.
             The game lasted 01:25:22 (24238 turns).

monsoonserge the Marksspriggan (Spriggan Hunter)   Turns: 24238, Time: 01:25:22

Health: -11/86     AC: 16    Str: 10    XL:     15   Next: 52%
Magic:  24/24      EV: 28    Int: 18    God:    Okawaru [*****.]
Gold:   1450       SH:  8    Dex: 33    Spells: 14/14 levels left

rFire   . . .        V - +4 hand crossbow (flame)
rCold   + + .        k - +1 buckler of the Beggar {Str-2 Dex+5}
rNeg    + . .        L - +0 swamp dragon scales
rPois   +            S - +1 hat of the Lizard {rElec Str+5 Slay+3}
rElec   +            H - +2 cloak "Ejesyaph" {rC++}
rCorr   .            (gloves unavailable)
SInv    +            (boots unavailable)
Will    ++...        a - amulet of magic regeneration
Stlth   ++           U - ring of the Sun {rN+ Int+5 Dex+4 Slay-2}
HPRegen 0.34/turn    f - +4 ring of protection
MPRegen 0.59/turn

%: no passive effects
@: slow
A: very small, no large weapons, unfitting armour, see invisible, speed 3
a: Renounce Religion, Heroism, Finesse, Duel


You were on level 2 of the Swamp.
You worshipped Okawaru.
Okawaru was extremely pleased with you.
You visited 5 branches of the dungeon, and saw 22 of its levels.
You also visited: Ice Cave.

You collected 1450 gold pieces.

Inventory:

Hand Weapons
 V - a +4 hand crossbow of flaming (weapon)
Missiles
 c - 8 curare-tipped darts
 q - a silver boomerang
 r - 25 poisoned darts
 A - 3 throwing nets
Armour
 j - +0 ice dragon scales
 k - the +1 buckler of the Beggar (worn) {Str-2 Dex+5}
   (Okawaru gifted it to you on level 4 of the Lair of Beasts)

   Str:       It affects your strength (-2).
   Dex:       It affects your dexterity (+5).
 u - +0 steam dragon scales
 y - a +0 buckler of cold resistance
 H - the +2 cloak "Ejesyaph" (worn) {rC++}
   (Okawaru gifted it to you on level 1 of the Lair of Beasts)

   rC:        It greatly protects you from cold.
 L - +0 swamp dragon scales (worn)
 S - the +1 hat of the Lizard (worn) {rElec Str+5 Slay+3}
   (Okawaru gifted it to you in the Arena)

   Str:       It affects your strength (+5).
   Slay:      It affects your accuracy & damage with ranged weapons and melee
   (+3).
   rElec:     It insulates you from electricity.
 X - a +2 cloak of poison resistance
Jewellery
 a - an amulet of magic regeneration (around neck)
 f - a +4 ring of protection (right hand)
 m - a ring of protection from fire
 t - a ring of poison resistance
 F - a ring of fire
 I - a ring of protection from cold
 U - the ring of the Sun (left hand) {rN+ Int+5 Dex+4 Slay-2}
   (You found it in an ice cave)

   [ring of positive energy]

   Int:       It affects your intelligence (+5).
   Dex:       It affects your dexterity (+4).
   Slay:      It affects your accuracy & damage with ranged weapons and melee
   (-2).
   rN:        It protects you from negative energy.
Wands
 h - a wand of flame (43)
 x - a wand of iceblast (20)
 K - a wand of mindburst (10)
 Q - a wand of light (4)
Scrolls
 b - 5 scrolls of immolation
 i - 5 scrolls of fog
 n - 6 scrolls of enchant armour
 p - 4 scrolls of magic mapping
 s - 7 scrolls of poison
 B - 4 scrolls of teleportation
 C - 2 scrolls of vulnerability
 P - 4 scrolls of fear {unknown}
 R - a scroll of acquirement
 T - 2 scrolls of amnesia
 Y - a scroll of brand weapon
Potions
 d - 4 potions of flight
 e - a potion of attraction
 l - 3 potions of lignification
 o - 8 potions of curing
 v - 3 potions of ambrosia
 w - 3 potions of brilliance
 z - a potion of heal wounds
 D - 3 potions of might
 E - 3 potions of haste
 G - 2 potions of berserk rage
 J - a potion of cancellation
 M - a potion of resistance
 N - a potion of mutation
 O - 4 potions of invisibility
Miscellaneous
 Z - a phial of floods


   Skills:
 + Level 13.1 Fighting
 - Level 18.0 Ranged Weapons
 * Level 3.1 Armour
 + Level 11.8 Dodging
 + Level 5.0 Stealth
 * Level 3.3 Shields
 + Level 11.2 Invocations
 + Level 3.0 Evocations


You had 14 spell levels left.
You didn't know any spells.
Your spell library contained the following spells:

 Spells                   Type           Power      Damage    Failure   Level
 Freeze                   Ice            0%         1d3       61%         1
 Magic Dart               Conj           0%         1d3       61%         1
 Searing Ray              Conj           0%         2d4       75%         2
 Static Discharge         Conj/Air       0%         2-2/arc   75%         2
 Sublimation of Blood     Necr           0%         N/A       75%         2
 Wereblood                Tmut           0%         N/A       75%         2
 Frozen Ramparts          Ice            0%         1d1       93%         3
 Hailstorm                Conj/Ice       0%         3d3       93%         3
 Inner Flame              Hex/Fire       0%         N/A       93%         3
 Vhi's Electric Charge    Tloc/Air       0%         N/A       93%         3
 Volatile Blastmotes      Fire/Tloc      0%         2d10      93%         3
 Airstrike                Air            0%         2d(0-16)  100%        4
 Fulminant Prism          Conj/Hex       0%         3d5       100%        4
 Ice Form                 Ice/Tmut       0%         N/A       100%        4
 Iskenderun's Mystic Bla  Conj/Tloc      0%         2d3       100%        4
 Passage of Golubria      Tloc           0%         N/A       100%        4
 Petrify                  Tmut/Erth      0%         N/A       100%        4
 Arcjolt                  Conj/Air       0%         1d10      100%        5
 Lee's Rapid Deconstruct  Erth           0%         3d4*      100%        5
 Metabolic Englaciation   Hex/Ice        0%         N/A       100%        5
 Yara's Violent Unravell  Hex/Tmut       0%         3d3       100%        5
 Statue Form              Tmut/Erth      0%         N/A       100%        6
 Enfeeble                 Hex            0%         N/A       100%        7
 Orb of Destruction       Conj           0%         9d5       100%        7
 Maxwell's Capacitive Co  Air            0%         ∞         100%        8
 Summon Small Mammal      Summ           Unusable   N/A       N/A         1
 Call Canine Familiar     Summ           Unusable   N/A       N/A         3
 Summon Guardian Golem    Hex/Summ       Unusable   N/A       N/A         3
 Tukima's Dance           Hex            Unusable   N/A       N/A         3
 Summon Lightning Spire   Summ/Air       Unusable   N/A       N/A         4
 Simulacrum               Ice/Necr       Unusable   N/A       N/A         6
 Spellforged Servitor     Conj/Summ      Unusable   N/A       N/A         7
 Summon Hydra             Summ           Unusable   N/A       N/A         7

Dungeon Overview and Level Annotations

Branches:
Dungeon (13/15)            Temple (1/1) D:4            Lair (5/5) D:9
  Swamp (2/4) Lair:2        Snake (1/4) Lair:2        Slime (0/5) Lair:4
    Orc (0/2) D:12          IceCv (visited)
 Vaults: D:13-14

Altars:
Ashenzari
Cheibriados
Dithmenos
Elyvilon
Fedhas
Gozag
Hepliaklqana
Kikubaaqudgha
Makhleb
Nemelex Xobeh
Okawaru
Qazlal
Ru
Sif Muna
Trog
Uskayaw
Vehumet
Wu Jian
Xom
Yredelemnul
Zin
The Shining One
Jiyva

Shops:
D:11 [

Annotations:
D:5 Grinder
D:12 Frances
Swamp:2 Roxanne


Innate Abilities, Weirdness & Mutations

You are very small and have problems with some larger weapons.
You are too small for most types of armour.
You have supernaturally acute eyesight. (SInv)
You cover ground extremely quickly. (Speed+++)


Message History

You blink.
Splash!
You fall into the shallow water.
Moving in this stuff is going to be slow.
Fire: V) +4 hand crossbow (flame)
Press: ? - help, Q - select action, (/) - cycle Shift-Dir - straight line, f/p - Roxanne
Aim: Roxanne (severely damaged, 98% to hit)
You shoot a bolt.
The bolt hits Roxanne but does no damage.
Roxanne is severely damaged.
Fire: V) +4 hand crossbow (flame)
Press: ? - help, Q - select action, (/) - cycle Shift-Dir - straight line, f/p - Roxanne
Aim: Roxanne (severely damaged, 98% to hit)
You shoot a bolt. The bolt hits Roxanne!
Roxanne is severely damaged.
Unknown command.
Fire: V) +4 hand crossbow (flame)
Press: ? - help, Q - select action, (/) - cycle Shift-Dir - straight line, f/p - Roxanne
Aim: Roxanne (severely damaged, 98% to hit)
You shoot a bolt. The bolt hits Roxanne!
Roxanne is severely damaged.
Roxanne mumbles some strange words.
The bolt of magma misses you.
Fire: V) +4 hand crossbow (flame)
Press: ? - help, Q - select action, (/) - cycle Shift-Dir - straight line, f/p - Roxanne
Aim: Roxanne (severely damaged, 98% to hit)
You shoot a bolt.
The bolt hits Roxanne but does no damage.
Roxanne is severely damaged.
Fire: V) +4 hand crossbow (flame)
Press: ? - help, Q - select action, (/) - cycle Shift-Dir - straight line, f/p - Roxanne
Aim: Roxanne (severely damaged, 98% to hit)
You shoot a bolt. The bolt hits Roxanne!
The bolt burns Roxanne.
Roxanne is almost destroyed.
Roxanne casts a spell.
The iron shot hits you!!!
* * * LOW HITPOINT WARNING * * *
Roxanne casts a spell.
The iron shot hits you!!
You die...

~..~. ♣~~~~..~~♣♣
♣#♣♣#♣#♣♣#♣#~~§♣...~.♣
~~.~~.~~~~~~~~..♣♣~~.
.~♣♣.~......~.~..~♣.~♣♣
..~♣♣~..~..~..~...~...♣♣
~.♣♣♣♣~..~.....~.~♣....♣
~§♣.♣♣♣.♣.........~.8.~§
....~♣♣♣..~...~.@.....~.
~~♣~♣♣.~...~.~~..~.♣§~~~
~§.~...~..~........♣ ♣
.♣...~.♣..~§~.~♣♣~♣.§
~..~..♣♣♣..~...♣ ♣...§
..§♣~♣♣♣~..♣..~.♣ .~.♣♣
~♣♣...♣♣♣.♣♣♣~.~♣ .♣ ♣
♣♣♣♣~♣♣ ♣♣♣ ♣♣.♣♣ ♣♣ ♣
♣♣♣ ♣♣


You could see Roxanne.

Vanquished Creatures
  A thorn hunter (Swamp:2)
  A fenstrider witch (Swamp:2)
  2 eleionomae
  The ghost of pkoi the Grappler, a journeyman DrMo of Vehumet (Lair:4)
  The ghost of booth the Grappler, a journeyman TrGl of Ru (Lair:5)
  9 hydras
  2 ironbound frosthearts (IceCv)
  5 catoblepae
  A ghost crab (Lair:2)
  3 boulder beetles
  16 death yaks
  A dancing weapon (Lair:5)
  2 two-headed ogres
  6 spriggans
  A shock serpent (Snake:1)
  Sonja (D:10)
  Nergalle (Arena)
  2 skysharks
  6 goliath frogs
  A sixfirhy (D:11)
  A swamp dragon (Lair:2)
  Pikel (D:5)
  4 bog bodies
  2 cyclopes (D:11)
  2 manticores (Lair:5)
  10 elephants
  A will-o-the-wisp (Swamp:1)
  2 black mambas
  A torpor snail (Lair:1)
  An ice statue (IceCv)
  3 gargoyles
  9 cane toads
  2 unseen horrors
  7 komodo dragons
  7 rime drakes
  2 bloated husks (Swamp:1)
  4 trolls
  3 tyrant leeches
  8 polar bears
  6 hornets
  19 blink frogs
  Prince Ribbit (D:7)
  6 dream sheep (Lair:5)
  4 slime creatures (D:12)
  7 wyverns
  93 yaks
  2 shadows
  3 wraiths
  Grum (D:10)
  A steam dragon (D:7)
  4 basilisks
  A death yak simulacrum (Lair:4)
  10 vampire mosquitoes
  10 swamp worms
  A catoblepas simulacrum (Lair:4)
  An acid dragon (D:10)
  A naga (Snake:1)
  11 water moccasins
  7 orc warriors
  2 black bears
  An ice beast (D:5)
  A swamp drake (Swamp:1)
  A black mamba simulacrum (Lair:4)
  30 wolves
  An ogre (D:7)
  5 centaurs
  5 phantoms
  A kobold brigand (D:8)
  9 bullfrogs
  A skyshark simulacrum (Lair:4)
  7 scorpions
  3 killer bees (D:8)
  An electric eel (Lair:2)
  2 howler monkeys
  11 orc priests
  2 jellies
  5 hounds
  2 iguanas
  3 gnoll boudas (D:5)
  2 sleepcaps
  4 hell rats (Lair:5)
  7 orc wizards
  4 gnolls (D:5)
  6 adders
  A shadow imp (D:8)
  13 white imps
  2 dart slugs
  37 orcs
  4 endoplasms
  5 giant cockroaches
  3 goblins (D:2)
  6 hobgoblins
  6 jackals
  11 kobolds
  2 quokkas
  8 ball pythons
  4 bats
  2 frilled lizards (D:3)
  4 rats
546 creatures vanquished.

Vanquished Creatures (others)
  An eleionoma (Swamp:1)
  A bloated husk (Swamp:2)
  An adder (D:2)
  An endoplasm (D:2)
4 creatures vanquished.

Grand Total: 550 creatures vanquished

Notes
Turn   | Place    | Note
-------+----------+-------------------------------------------
     0 | D:1      | monsoonserge the Spriggan Hunter began the quest for the
                  | Orb.
     0 | D:1      | Reached XP level 1. HP: 10/10 MP: 2/2
   358 | D:1      | Reached XP level 2. HP: 14/14 MP: 3/3
   836 | D:2      | Reached XP level 3. HP: 18/18 MP: 4/4
   853 | D:1      | Reached skill level 5 in Ranged Weapons
  1399 | D:3      | Found a shimmering blue altar of Sif Muna.
  1421 | D:3      | Reached XP level 4. HP: 23/23 MP: 5/5
  1608 | D:3      | Identified the +8 whip of Supply {vamp, Int+2 Dex+3 SInv}
  1850 | D:4      | Noticed a scorpion
  1879 | D:3      | Killed a scorpion
  1880 | D:3      | Reached skill level 6 in Ranged Weapons
  1880 | D:3      | Reached XP level 5. HP: 26/26 MP: 6/6
  1926 | D:4      | Found a staircase to the Ecumenical Temple.
  1969 | Temple   | Entered the Ecumenical Temple
  1969 | Temple   | Found a transporter.
  1969 | Temple   | Found a transporter.
  1971 | Temple   | Found a transporter.
  1971 | Temple   | Found a transporter.
  1999 | Temple   | Became a worshipper of Warmaster Okawaru
  2186 | D:4      | Noticed a phantom
  2267 | D:4      | Killed a phantom
  2326 | D:4      | Reached XP level 6. HP: 32/32 MP: 7/7
  2462 | D:4      | Found an ornate altar of the Wu Jian Council.
  2616 | D:5      | Entered Level 5 of the Dungeon
  2697 | D:4      | Reached skill level 7 in Ranged Weapons
  2842 | D:5      | Noticed Pikel
  2921 | D:5      | Noticed Grinder
  3023 | D:4      | Reached * piety under Okawaru
  3024 | D:4      | Reached XP level 7. HP: 35/35 MP: 8/8
  3327 | D:5      | Reached skill level 8 in Ranged Weapons
  3327 | D:5      | Reached skill level 1 in Invocations
  3813 | D:5      | Found a blossoming altar of Fedhas.
  3955 | D:5      | Noticed a yak
  4002 | D:5      | Reached XP level 8. HP: 38/40 MP: 10/10
  4037 | D:5      | Reached ** piety under Okawaru
  4038 | D:5      | Reached skill level 9 in Ranged Weapons
  4418 | D:5      | Killed Pikel
  4418 | D:5      | Reached *** piety under Okawaru
  4419 | D:5      | Reached skill level 10 in Ranged Weapons
  4860 | D:5      | Reached XP level 9. HP: 32/45 MP: 11/11
  4958 | D:5      | Reached skill level 11 in Ranged Weapons
  5510 | D:7      | Noticed an unseen horror
  5535 | D:7      | Killed an unseen horror
  5690 | D:7      | Found a sparkling altar of Nemelex Xobeh.
  5701 | D:7      | Reached **** piety under Okawaru
  5702 | D:7      | Reached skill level 12 in Ranged Weapons
  5702 | D:7      | Found a shimmering altar of Xom.
  5704 | D:7      | Found a broken altar of Ashenzari.
  5704 | D:7      | Found a basalt altar of Yredelemnul.
  5706 | D:7      | Found a radiant altar of Vehumet.
  5707 | D:7      | Found a bloodstained altar of Trog.
  5768 | D:7      | Reached skill level 5 in Fighting
  6003 | D:8      | Noticed Prince Ribbit
  6018 | D:7      | Killed Prince Ribbit
  6018 | D:7      | Received a gift from Okawaru
  6476 | D:7      | Reached XP level 10. HP: 35/51 MP: 12/12
  6827 | D:8      | Found a hazy altar of Hepliaklqana.
  6901 | D:8      | Reached skill level 13 in Ranged Weapons
  7585 | D:8      | Reached ***** piety under Okawaru
  7586 | D:8      | Reached skill level 5 in Dodging
  7792 | D:9      | Noticed a two-headed ogre
  7816 | D:9      | Killed a two-headed ogre
  8035 | D:9      | Found a staircase to the Lair.
  8453 | Lair:1   | Entered Level 1 of the Lair of Beasts
  8554 | Lair:1   | Noticed a cane toad
  8572 | Lair:1   | Killed a cane toad
  8573 | Lair:1   | Reached skill level 14 in Ranged Weapons
  8758 | Lair:1   | Reached XP level 11. HP: 41/58 MP: 15/15
  8942 | Lair:1   | Identified the +2 cloak "Ejesyaph" {rC++} (Okawaru gifted
                  | it to you on level 1 of the Lair of Beasts)
  8942 | Lair:1   | Received a gift from Okawaru
  9571 | Lair:1   | Reached skill level 5 in Invocations
 10346 | Lair:1   | Reached skill level 15 in Ranged Weapons
 10460 | Lair:2   | Found a staircase to the Swamp.
 10967 | Lair:2   | Noticed a six-headed hydra
 11327 | Lair:2   | Found a staircase to the Snake Pit.
 11678 | Lair:2   | Killed a six-headed hydra
 11694 | Lair:2   | Received a gift from Okawaru
 11695 | Lair:2   | Reached XP level 12. HP: 64/64 MP: 12/17
 11796 | Lair:2   | Reached skill level 16 in Ranged Weapons
 12060 | Snake:1  | Entered Level 1 of the Snake Pit
 12616 | Lair:3   | Identified the +0 cloak of Honour {rPois MP+9} (Okawaru
                  | gifted it to you on level 3 of the Lair of Beasts)
 12616 | Lair:3   | Received a gift from Okawaru
 12805 | Lair:3   | Identified the +0 quarterstaff "Ezxoew" {freeze, Fly Str+9
                  | Dex-3}
 12822 | Lair:3   | Noticed a boulder beetle
 12831 | Lair:3   | Killed a boulder beetle
 13666 | Lair:4   | Found a runed translucent gate.
 13688 | Lair:3   | Noticed a catoblepas
 13706 | Lair:3   | Killed a catoblepas
 13869 | Lair:4   | Noticed pkoi's ghost (journeyman DrMo)
 13919 | Lair:4   | Reached skill level 1 in Evocations
 13984 | Lair:4   | Found a runed translucent gate.
 13985 | Lair:4   | Found a runed translucent gate.
 14056 | Lair:4   | Noticed a catoblepas
 14078 | Lair:4   | Killed a catoblepas
 14178 | Lair:4   | Noticed a six-headed hydra
 14289 | Lair:4   | Found a viscous altar of Jiyva.
 14289 | Lair:4   | Found a staircase to the Slime Pits.
 14317 | Lair:4   | Reached skill level 17 in Ranged Weapons
 14342 | Lair:4   | Killed a six-headed hydra
 14547 | Lair:5   | Entered Level 5 of the Lair of Beasts
 14547 | Lair:5   | Noticed a seven-headed hydra
 14572 | Lair:5   | Noticed a six-headed hydra
 14582 | Lair:4   | Killed a six-headed hydra
 14583 | Lair:4   | Reached skill level 5 in Stealth
 14583 | Lair:4   | Reached XP level 13. HP: 69/70 MP: 19/19
 15251 | D:10     | Entered Level 10 of the Dungeon
 15266 | D:10     | Noticed Grum
 15278 | D:10     | Killed Grum
 15691 | D:10     | Noticed Sonja
 15695 | D:10     | Killed Sonja
 15774 | D:10     | Noticed Nergalle
 15779 | Arena    | Entered the Arena
 15800 | Arena    | Killed Nergalle
 15800 | Arena    | Identified the +1 hat of the Lizard {rElec Str+5 Slay+3}
                  | (Okawaru gifted it to you in the Arena)
 15800 | Arena    | Received a gift from Okawaru
 15871 | D:10     | Found an ancient bone altar of Kikubaaqudgha.
 16207 | D:11     | Found a frozen archway.
 16216 | IceCv    | Entered an ice cave
 16514 | IceCv    | Reached skill level 18 in Ranged Weapons
 16555 | IceCv    | Identified the ring of the Sun {rN+ Int+5 Dex+4 Slay-2}
 17051 | IceCv    | Reached skill level 10 in Fighting
 17102 | IceCv    | Received a gift from Okawaru
 17311 | IceCv    | Identified a scroll of acquirement
 17469 | D:11     | Found Peutt's Armour Shoppe.
 17578 | D:11     | Found a runed translucent door.
 17580 | D:11     | Found a burning altar of Makhleb.
 18079 | D:12     | Found a staircase to the Orcish Mines.
 18349 | D:12     | Reached XP level 14. HP: 77/77 MP: 22/22
 18848 | D:13     | Noticed Frances
 19583 | Lair:4   | Got the ring of the Leaf {Fire Will+ Int-4 SInv}
 19838 | Lair:4   | Identified the +1 buckler of the Beggar {Str-2 Dex+5}
                  | (Okawaru gifted it to you on level 4 of the Lair of Beasts)
 19838 | Lair:4   | Received a gift from Okawaru
 19884 | Lair:4   | Killed pkoi's ghost
 20049 | Lair:4   | Reached skill level 10 in Dodging
 20131 | Lair:4   | Reached skill level 10 in Invocations
 20466 | Lair:5   | Found a runed translucent door.
 20467 | Lair:5   | Found a shimmering altar of Xom.
 20467 | Lair:5   | Identified the +1 morningstar of Otocoj {chaos, +Blink
                  | Str+5}
 20467 | Lair:5   | Noticed booth's ghost (journeyman TrGl)
 20485 | Lair:5   | Reached skill level 1 in Shields
 20925 | Lair:5   | Identified the +6 gold dragon scales of the Moon {rElec
                  | rPois rF+ rC+ Int+5} (Okawaru gifted it to you on level 5
                  | of the Lair of Beasts)
 20925 | Lair:5   | Received a gift from Okawaru
 21983 | Lair:5   | Killed booth's ghost
 22158 | Swamp:1  | Entered Level 1 of the Swamp
 22167 | Lair:2   | Reached XP level 15. HP: 82/85 MP: 24/24
 22653 | Swamp:1  | Reached skill level 1 in Armour
 23368 | Swamp:2  | Noticed a fenstrider witch
 23373 | Swamp:2  | Killed a fenstrider witch
 23387 | Swamp:2  | HP: 3/86 [eleionoma/spray of wooden splinters (40)]
 23971 | Swamp:2  | Noticed a thorn hunter
 23984 | Swamp:2  | Killed a thorn hunter
 24226 | Swamp:2  | Noticed Roxanne
 24238 | Swamp:2  | Killed from afar by Roxanne

Illustrated notes

Levels and vault maps discovered:
D:1:      eino_arrival_water_star, layout_rooms
D:2:      layout_basic, st_stairs_1
D:3:      layout_rooms, mainiacjoe_overflow_tiny_flanked,
          minmay_misc_feat_more_columns, minmay_ruptured
D:4:      layout_basic, nzn_wu_jian_council_hall,
          minmay_temple_entry_stoned_glass
D:5:      cheibrodos_fzero, layout_basic, fedhas_altar_1, uniq_pikel,
          uniq_grinder
D:6:      layout_basic
D:7:      layout_rooms, grunt_temple_overflow_open
D:8:      layout_gridville, mainiacjoe_overflow_alcove_2, uniq_prince_ribbit1
D:9:      layout_small_grid, dpeg_oklobed_lair
D:10:     layout_roguey, kiku_gazebo_pond_becter, uniq_sonja, uniq_grum,
          uniq_nergalle
D:11:     layout_loops_cross, portal_ice_cave_entry_imps, serial_shops, shop,
          nzn_makhleb_speed_demon
D:12:     layout_cave_pods, erik_orc_4
D:13:     layout_layer_cave, david_vaults_1, serial_shops, shop, uniq_snorg,
          uniq_lodul, uniq_azrael, uniq_frances, uniq_kirke
Temple:   hellmonk_temple_divided_pantheon
Lair:1:   hellmonk_destroyed_diamonds, layout_cave_pods,
          grunt_forest_small_clearings
Lair:2:   layout_loops_ring, minmay_swamp_entry_swarm, dummy_snake_entry,
          small_statue_intersection, lemuel_fruit_fields
Lair:3:   layout_roguey, kennysheep_catoblepas_arena, grunt_megastairs_2,
          serial_bayou_shore_b, infiniplex_staircase_pool_2
Lair:4:   layout_roguey, dpeg_slime_entry_enclosed, gammafunk_ghost_icy
Lair:5:   evilmike_catoblepas_cave, layout_cave_pods, ebering_ghost_xom
Swamp:1:  layout_basic_swamp, evilmike_swamp_ruin_house_3
Swamp:2:  nzn_winding_woodlands_small [nzn_winding_woodlands_5x15_sidewinder,
          nzn_winding_woodlands_center_pierced_h,
          nzn_winding_woodlands_5x15_twine], layout_basic_swamp,
          hangedman_swamp_ruin_wall, swamp_pool3, uniq_roxanne
Snake:1:  layout_rooms, minmay_shop_grove

Skill      XL: |  1  2  3  4  5  6  7  8  9 10 11 12 13 14 15 |
---------------+----------------------------------------------+-----
Dodging        | 3 4 5 6 7 9 11 | 11.8
Ranged Weapons | 5 6 7 8 10 12 14 15 17 18 | 18.0
Fighting       | 2 3 4 5 6 7 8 10 12 13 | 13.1
Stealth        | 2 3 4 5 |  5.0
Invocations    | 2 4 6 7 9 10 11 | 11.2
Evocations     | 2 3 |  3.0
Shields        | 1 3 |  3.3
Armour         | 3 |  3.1

Action                     |  1- 3 |  4- 6 |  7- 9 | 10-12 | 13-15 || total
---------------------------+-------+-------+-------+-------+-------++-------
   Fire: Shortbow          |    82 |   157 |   412 |   721 |       ||  1372
         Arbalest          |       |       |       |   187 |   356 ||   543
         Hand crossbow     |       |       |       |       |   634 ||   634
 Invoke: Heroism           |       |       |       |     3 |     9 ||    12
         Finesse           |       |       |       |     2 |     1 ||     3
         Duel              |       |       |       |       |     1 ||     1
    Use: Scroll            |       |       |    10 |     9 |    11 ||    30
         Potion            |       |       |       |       |     5 ||     5
 Armour: Robe              |     7 |    11 |    27 |       |       ||    45
         Steam dragon scal |       |       |       |    68 |    53 ||   121
         Swamp dragon scal |       |       |       |       |    26 ||    26
  Dodge: Dodged            |    36 |    42 |   136 |   365 |   499 ||  1078
  Block: Buckler           |       |       |       |       |    87 ||    87
